Map: Posterunek Newkirk ET (Void)

Players

soul

  • Race: Terran Terran
  • League: Grandmaster
  • Spawn Location: 5:00

True - Winner!

  • Race: Zerg Zerg
  • League: Grandmaster
  • Spawn Location: 7:00

Event: Blacer Invitational #1

VOD

Have the link to the VOD?

Description

Time

  • Played on: Feb. 4, 2017, 2:36 p.m.
  • Length: 5:44

All games in this series

Show
View Real Time Build Order
Export as new Build Order

soul Terran 

Build Orders:  

Get SALT Encoding   

  12  0:09  Supply Depot  
  12  0:21  SCV  
  13  0:39  Barracks  
  13  0:48  Barracks  
  13  0:53  SCV  
  14  1:27  Orbital Command, Marine  
  14  1:29  Barracks  
  15  1:38  Barracks  
  15  1:43  Marine  
  15  1:47  Marine  
  17  1:58  Supply Depot  
  17  2:01  Marine  
  17  2:05  Marine  
  19  2:13  Bunker  
  19  2:16  Marine  
  20  2:23  Marine  
  20  2:24  Marine  
  20  2:27  Marine  
  23  2:34  Marine  
  24  2:41  Marine  
  24  2:43  Marine  
  25  2:45  Marine  
  25  2:52  Marine  
  26  2:59  Marine  
  26  3:00  Marine  
  26  3:03  Marine  
  24  3:10  Marine  
  24  3:16  Marine  
  24  3:18  Marine  
  24  3:21  Marine  
  24  3:28  Marine  
  24  3:31  SCV  
  26  3:34  Marine  
  26  3:36  Marine  
  26  3:39  Marine  
  26  3:43  SCV  
  26  3:45  Marine  
  27  3:52  Marine  
  27  3:54  Marine  
  27  3:57  Marine  
  27  4:01  SCV  
  27  4:03  Marine  
  26  4:10  Marine  
  26  4:12  Marine  
  26  4:14  Marine  
  27  4:17  SCV  
  27  4:21  Marine  
  25  4:28  Marine  
  25  4:29  SCV, Marine  
  28  4:32  Marine  
  28  4:36  Supply Depot  
  29  4:39  Marine  
  29  4:41  SCV  
  31  4:53  Marine  
  31  5:03  Marine  
  31  5:09  Marine x2  
  31  5:11  Marine  
  34  5:21  Marine  
Show
View Real Time Build Order
Export as new Build Order

True Zerg - Winner!

Build Orders: Hatch First 

Get SALT Encoding   

  12  0:01  Drone  
  13  0:13  Overlord  
  13  0:19  Drone  
  14  0:31  Drone x2  
  14  0:35  Drone  
  17  0:53  Hatchery  
  17  0:56  Drone  
  17  1:10  Spawning Pool  
  16  1:12  Drone  
  16  1:15  Extractor  
  16  1:18  Drone  
  17  1:21  Drone  
  18  1:28  Drone  
  19  1:39  Overlord  
  19  1:59  Queen  
  21  2:03  Zergling x4  
  21  2:05  Zergling x2, Queen  
  26  2:12  Drone  
  26  2:15  Metabolic Boost  
  27  2:21  Zergling x2  
  27  2:22  Zergling x2  
  29  2:32  Zergling x2  
  29  2:35  Zergling x2  
  29  2:37  Zergling x2  
  28  2:44  Zergling x2  
  26  2:55  Zergling x2  
  23  3:09  Zergling x2  
  23  3:13  Zergling x2  
  24  3:21  Zergling x2  
  24  3:23  Zergling x2  
  26  3:27  Zergling x2  
  26  3:29  Zergling x2  
  28  3:35  Zergling x2  
  28  3:38  Zergling x2  
  29  3:44  Zergling x2  
  30  3:50  Zergling x2  
  30  3:51  Zergling x2  
  28  3:57  Zergling x2  
  28  3:59  Zergling x2  
  30  4:08  Zergling x2  
  31  4:10  Zergling x2  
  31  4:15  Zergling x4  
  31  4:16  Zergling x2  
  34  4:19  Zergling x2  
  34  4:21  Zergling x2  
  34  4:29  Zergling x2  
  35  4:37  Spine Crawler  
  35  4:38  Zergling x2  
  35  4:42  Overlord  
  35  5:01  Zergling x2  
  35  5:02  Zergling x6  
  35  5:03  Zergling x2  
  39  5:12  Zergling x2  
  40  5:15  Zergling x2  
  41  5:23  Zergling x2, Spine Crawler  
  41  5:25  Zergling x2  
Tags
 
Add a new tag
Caveats
  • Supply blocks, unpowered buildings, or Contaminate may cause inaccurate times.
  • Supply counts are checked every 10 seconds.